 Dungeon Crawl Stone Soup version 0.30.1-3-gfc49f6343a (webtiles) character file.

Game seed: 17160104708647694021

196 H0rd4k the Charlatan (level 5, -1/33 HPs)
             Began as an Octopode Artificer on July 25, 2023.
             Slain by an orc priest
             ... wielding a +0 trident
              (5 damage)
             ... on level 3 of the Dungeon.
             The game lasted 00:02:31 (1931 turns).

H0rd4k the Charlatan (Octopode Artificer)           Turns: 1931, Time: 00:02:32

Health: -1/33      AC:  1    Str: 12    XL:     5   Next: 75%
Magic:  5/5        EV: 14    Int: 15    God:
Gold:   100        SH:  0    Dex: 12    Spells: 4/4 levels left

rFire   . .          .
                       - Unarmed
rCold   . . .        (no shield)
rNeg    . . .        (helmet restricted)
rPois   .            (no amulet)
rElec   .            (no ring)
rCorr   .            (no ring)
SInv    .            (no ring)
Will    .....        (no ring)
Stlth   +++          (no ring)
HPRegen 0.25/turn    (no ring)
MPRegen 0.09/turn    (no ring)
                     (no ring)

%: no passive effects
@: no status effects
A: almost no armour, amphibious, 8 rings, camouflage 1, gelatinous body 1,
(nimble swimmer 1), tentacles
a: no special abilities


You were on level 3 of the Dungeon.
You visited 1 branch of the dungeon, and saw 3 of its levels.

You collected 100 gold pieces.

Inventory:

Hand Weapons
 h - a +2 dagger of electrocution
Missiles
 a - 8 poisoned darts
Wands
 b - a wand of flame (14) (quivered)
 c - a wand of charming (13)
 d - a wand of iceblast (4)
Scrolls
 e - a scroll of fear {unknown}
 f - 3 scrolls of teleportation {unknown}
 g - a scroll of identify {unknown}
 i - a scroll of blinking {unknown}
 n - a scroll of amnesia {unknown}
Potions
 j - a potion of berserk rage {unknown}
 k - 3 potions of attraction {unknown}
 l - a potion of degeneration {unknown}
 m - 2 potions of curing {unknown}
 o - a potion of lignification {unknown}


   Skills:
 + Level 1.3 Fighting
 + Level 3.5 Dodging
 + Level 3.4 Stealth
 + Level 3.0 Unarmed Combat
 + Level 4.2 Evocations


You had 4 spell levels left.
You didn't know any spells.
Your spell library contained the following spells:

 Spells                   Type           Power      Damage    Failure   Level
 Apportation              Tloc           0%         N/A       26%         1
 Alistair's Intoxication  Tmut/Pois      0%         N/A       100%        5


Dungeon Overview and Level Annotations

Branches:
Dungeon (3/15)

Altars:

Annotations:
D:1 1 runed translucent door, exclusion: door


Innate Abilities, Weirdness & Mutations

You cannot wear most types of armour.
You are amphibious.
You can wear up to eight rings at the same time.
Your skin changes colour to match your surroundings (Stealth+).
Your rubbery body absorbs attacks. (AC +1, EV +1)
((You are camouflaged when in or above water. (Stealth+)))
You have tentacles for arms and can constrict up to eight enemies at once.


Message History

There is an open door here.
You open the door.
There is an open door here.
n - a scroll labelled ZEFOARPHIAL No target in view!
You now have 100 gold pieces (gained 13).
o - a silvery potion No target in view!
You open the door.
There is an open door here.
An orc priest comes into view. It is wielding a +0 trident.
An orc priest is nearby!
An orc priest is nearby!
An orc comes into view. It is wielding a +0 mace.
There are monsters nearby!
An orc comes into view. It is wielding a +0 falchion.
The helpless orc priest fails to defend itself.
You tentacle-slap the orc priest but do no damage.
You grab the orc priest.
You constrict the orc priest, but do no damage.
The orc priest hits you with a +0 trident!
You tentacle-slap the orc priest.
The orc priest is lightly wounded.
You constrict the orc priest, but do no damage.
The orc priest hits you with a +0 trident!
You tentacle-slap the orc priest. Your squeeze misses the orc priest.
The orc priest is moderately wounded.
You constrict the orc priest.
The orc priest hits you with a +0 trident!
You tentacle-slap the orc priest but do no damage.
You squeeze the orc priest.
The orc priest is severely wounded.
You constrict the orc priest, but do no damage.
The orc priest hits you with a +0 trident!
* * * LOW HITPOINT WARNING * * *
You tentacle-slap the orc priest but do no damage.
The orc priest is severely wounded.
You constrict the orc priest.
The orc priest hits you with a +0 trident.
You die...

.....#.'####'.#..#.##..#
#.##
###..#.#....#.#..#.##..#
#..#####
#..#.#.##.#.#..#.##..#
#.......
#..#.#.##.#.#....##..#
#.##+##.
#..#.#....#.#.... ....
..#...#.
##.#.+####+.#...#
#.####.#.8.#. #..
..#...# #.# #.#...#. +#
#####+...# #.# #.##'##.
......o@.###.# #.......
.#...........####.###...
..#o.##...........# ##..
.... ##.########## #..
o.# #.. #.. . #### #..
... ##### #.# .....


You could see an orc priest and 2 orcs.

Vanquished Creatures
  2 orc wizards (D:3)
  A gnoll (D:2)
  5 adders
  2 worms (D:3)
  3 dart slugs
  3 orcs (D:3)
  4 endoplasms (D:1)
  4 giant cockroaches
  4 goblins
  10 hobgoblins
  4 jackals (D:2)
  4 kobolds
  3 quokkas
  5 ball pythons
  3 bats
  4 rats
61 creatures vanquished.

Vanquished Creatures (others)
  2 gnolls (D:2)
2 creatures vanquished.

Grand Total: 63 creatures vanquished

Notes
Turn   | Place    | Note
-------+----------+-------------------------------------------
     0 | D:1      | H0rd4k the Octopode Artificer began the quest for the Orb.
     0 | D:1      | Reached XP level 1. HP: 13/13 MP: 1/1
     2 | D:1      | Found a runed translucent door.
   135 | D:1      | Reached XP level 2. HP: 16/18 MP: 2/2
   287 | D:1      | Reached XP level 3. HP: 20/23 MP: 3/3
   288 | D:1      | Reached skill level 1 in Unarmed Combat
   680 | D:2      | Reached skill level 4 in Evocations
   903 | D:2      | Reached XP level 4. HP: 21/28 MP: 4/4
  1549 | D:3      | Reached XP level 5. HP: 30/33 MP: 5/5
  1931 | D:3      | Slain by an orc priest

Illustrated notes

Levels and vault maps discovered:
D:1:      dpeg_arrival_caged_fury, layout_basic, reono_crystal_passage,
          minmay_misc_feat_columns
D:2:      wander_river, layout_loops_ring
D:3:      layout_loops_ring, old_standard_altar, general_overflow_altar,
          kennysheep_okawaru_gauntlet, hellmonk_ecumenical_altar_heavens_door,
          kennysheep_another_room, minmay_misc_feat_alley, minivault_11,
          minmay_misc_feat_room, dk_vineyard_3, roderic_lattice_a

Skill      XL: |  1  2  3  4  5 |
---------------+----------------+-----
Unarmed Combat | 1 2 3 |  3.0
Evocations     | 4 |  4.2
Dodging        | 3 |  3.5
Stealth        | 2 3 |  3.4
Fighting       | |  1.3

Action                     |  1- 3 |  4- 6 || total
---------------------------+-------+-------++-------
  Melee: Unarmed           |    79 |    68 ||   147
         Tentacles         |    26 |    21 ||    47
         Constrict         |    27 |    23 ||    50
         Punch             |     2 |     5 ||     7
  Evoke: Wand              |       |     4 ||     4
   Stab: Sleeping          |     6 |     6 ||    12
         Distracted        |     2 |       ||     2
 Armour: Skin              |     6 |     6 ||    12
  Dodge: Dodged            |    41 |    30 ||    71
